 Dungeon Crawl Stone Soup version 0.16-a0-3803-gd4b2de5 (webtiles) character file.

122835 Ololoev the Devastator (level 16, -6/100 HPs)
             Began as an Octopode Fire Elementalist on Jan 24, 2015.
             Was a High Priest of Vehumet.
             Mangled by the 27-headed Lernaean hydra (16 damage)
             ... on level 5 of the Swamp on Jan 26, 2015.
             The game lasted 03:06:21 (39322 turns).

Ololoev the Devastator (OpFE)                      Turns: 39322, Time: 03:06:22

Health: -6/100     AC:  4    Str: 10    XL:     16   Next: 88%
Magic:  42/42      EV: 16    Int: 23    God:    Vehumet [*****.]
Gold:   1754       SH:  6    Dex: 16    Spells: 8 memorised, 4 levels left

rFire  + . .     SeeInvis +     F - +7 dagger {pierce, Contam rElec MP+9 Str+3 SInv}
rCold  . . .     Clarity  .     U - +0 buckler
rNeg   . . .     SustAb   .     I - +2 hat
rPois  +         Gourm    +     r - amulet of the gourmand
rElec  +         Spirit   .     e - +2 ring of dexterity
rCorr  .         Warding  .     v - ring of wizardry
rMut   .         Stasis   .     y - ring of protection from fire
MR     +....                    d - +1 ring of protection
Stlth  ++++......               T - ring of poison resistance
                                (no ring)
                                (no ring)
                                (no ring)

@: about to teleport, delayed fireball, somewhat resistant to hostile
enchantments, stealthy
A: almost no armour, amphibious, 8 rings, constrict 8, camouflage 1, frail 1,
sense surroundings 1, gelatinous body 1
a: Renounce Religion, Release Delayed Fireball


You were on level 5 of the Swamp.
You worshipped Vehumet.
Vehumet was extremely pleased with you.
You were very full.

You visited 4 branches of the dungeon, and saw 27 of its levels.
You also visited: Ossuary, Ice Cave and Volcano.

You collected 1754 gold pieces.

Notes
Turn   | Place    | Note
--------------------------------------------------------------
     0 | D:1      | Ololoev, the Octopode Fire Elementalist, began the quest for the Orb.
     0 | D:1      | Reached XP level 1. HP: 11/11 MP: 3/3
     3 | D:1      | Noticed an electric eel
     3 | D:1      | Noticed an electric eel
   231 | D:1      | Reached XP level 2. HP: 15/17 MP: 1/4
  1010 | D:1      | Reached XP level 3. HP: 17/21 MP: 1/6
  1208 | D:2      | Learned a level 3 spell: Conjure Flame
  1643 | D:2      | Reached XP level 4. HP: 27/27 MP: 2/7
  2374 | D:3      | Reached XP level 5. HP: 27/31 MP: 3/9
  2401 | D:3      | Learned a level 4 spell: Sticky Flame
  2691 | D:3      | Reached skill level 4 in Conjurations
  3165 | D:4      | Got a jewelled shield
  3189 | D:4      | Identified the +1 shield "Ylyuwug" {rElec rPois- MP+9 Str-4 Dex+4} (You found it on level 4 of the Dungeon)
  3523 | D:4      | Noticed a phantom
  3529 | D:4      | Killed a phantom
  3529 | D:4      | Reached XP level 6. HP: 24/36 MP: 6/10
  3788 | D:5      | Entered Level 5 of the Dungeon
  3824 | D:5      | Reached skill level 5 in Conjurations
  3846 | D:5      | Reached skill level 5 in Fire Magic
  3901 | D:5      | Reached XP level 7. HP: 35/41 MP: 3/13
  4893 | D:5      | Learned a level 5 spell: Fireball
  5232 | D:5      | Reached skill level 6 in Conjurations
  5232 | D:5      | Reached XP level 8. HP: 43/46 MP: 6/17
  5252 | D:5      | Found a staircase to the Ecumenical Temple.
  5270 | Temple   | Entered the Ecumenical Temple
  5317 | Temple   | Became a worshipper of Vehumet
  5852 | D:6      | Found a sparkling altar of Nemelex Xobeh.
  6017 | D:6      | Found a bloodstained altar of Trog.
  6034 | D:6      | Reached skill level 7 in Conjurations
  6550 | D:6      | Acquired Vehumet's first power
  6550 | D:6      | Offered knowledge of Magic Dart by Vehumet.
  7065 | D:7      | Found a sand-covered staircase.
  7070 | Ossuary  | Entered an ossuary
  7217 | Ossuary  | Reached XP level 9. HP: 51/51 MP: 6/18
  7335 | Ossuary  | Noticed a flying skull
  7341 | Ossuary  | Noticed a flying skull
  7365 | Ossuary  | Reached skill level 8 in Conjurations
  7491 | Ossuary  | Noticed a flying skull
  7968 | D:7      | Reached skill level 9 in Conjurations
  8886 | D:7      | Offered knowledge of Sting by Vehumet.
  9034 | D:8      | Noticed Joseph
  9045 | D:8      | Killed Joseph
  9045 | D:8      | Reached XP level 10. HP: 39/56 MP: 0/20
  9171 | D:8      | Got an ebony quarterstaff
  9172 | D:8      | Identified the +3 quarterstaff "Trog's Righteous Fury" {venom, rPois+ rF++ rN+ Str+4 Int-2} (You found it on level 8 of the Dungeon)
  9518 | D:7      | Learned a level 3 spell: Inner Flame
  9594 | D:8      | Found Geamuac's Weapon Shop.
  9913 | D:9      | Reached skill level 10 in Conjurations
  9994 | D:9      | Found a staircase to the Lair.
 10009 | D:9      | Noticed Prince Ribbit
 10171 | D:9      | Reached skill level 1 in Shields
 10171 | D:9      | Reached skill level 10 in Fire Magic
 10276 | D:9      | Killed Prince Ribbit
 10641 | D:9      | Reached skill level 1 in Fighting
 10960 | D:9      | Offered knowledge of Mephitic Cloud by Vehumet.
 10967 | D:9      | Learned a level 3 spell: Mephitic Cloud
 11030 | D:9      | Acquired Vehumet's second power
 11217 | D:9      | Noticed a hill giant
 11235 | D:9      | Killed a hill giant
 11235 | D:9      | Reached skill level 5 in Shields
 11714 | D:10     | Entered Level 10 of the Dungeon
 11923 | D:10     | Offered knowledge of Airstrike by Vehumet.
 12209 | D:10     | Reached XP level 11. HP: 68/68 MP: 17/20
 12356 | D:10     | Acquired Vehumet's third power
 12628 | Lair:1   | Entered Level 1 of the Lair of Beasts
 13867 | Lair:2   | Reached skill level 5 in Fighting
 14182 | Lair:2   | Reached skill level 5 in Dodging
 14219 | Lair:2   | Offered knowledge of Ignite Poison by Vehumet.
 14325 | Lair:2   | Reached skill level 5 in Spellcasting
 15233 | Lair:3   | Reached XP level 12. HP: 79/79 MP: 5/24
 15250 | Lair:3   | Found a frozen archway.
 15403 | IceCv    | Entered an ice cave
 16265 | Lair:3   | Learned a level 6 spell: Bolt of Fire
 16928 | Lair:4   | Reached skill level 11 in Conjurations
 17362 | Lair:4   | Noticed Erica
 17366 | Lair:4   | Killed Erica
 18070 | Lair:5   | Found a hole to the Spider Nest.
 18243 | Lair:5   | Offered knowledge of Orb of Destruction by Vehumet.
 18253 | Lair:5   | Learned a level 7 spell: Orb of Destruction
 18449 | Lair:5   | Noticed a death yak
 18451 | Lair:5   | Noticed a death yak
 18451 | Lair:5   | Noticed a death yak
 18451 | Lair:5   | Noticed a death yak
 18454 | Lair:5   | Noticed a death yak
 18477 | Lair:4   | Killed a death yak
 18890 | Lair:5   | Found a staircase to the Swamp.
 19061 | Lair:5   | Killed a death yak
 19369 | Lair:4   | Killed a death yak
 19369 | Lair:4   | Reached XP level 13. HP: 76/86 MP: 27/27
 19419 | Lair:4   | Learned a level 7 spell: Delayed Fireball
 19504 | Lair:5   | Noticed a death yak
 19508 | Lair:5   | Killed a death yak
 19508 | Lair:5   | Killed a death yak
 19511 | Lair:5   | Killed a death yak
 19875 | Lair:5   | Reached skill level 12 in Conjurations
 19920 | Lair:6   | Found a dark tunnel.
 20073 | Volcano  | Entered a volcano
 22409 | Lair:7   | Offered knowledge of Spellforged Servitor by Vehumet.
 23773 | Lair:7   | Reached skill level 13 in Conjurations
 23970 | Lair:7   | Reached XP level 14. HP: 95/95 MP: 29/30
 24127 | Lair:8   | Entered Level 8 of the Lair of Beasts
 24269 | Lair:8   | Found a glowing silver altar of Zin.
 26744 | Lair:8   | Identified Qesowigo's Catalogue of Noxious Enchantment
 27002 | Lair:8   | Offered knowledge of Bolt of Magma by Vehumet.
 27681 | Lair:8   | Found a staircase to the Slime Pits.
 27860 | Lair:4   | Noticed a death yak
 27869 | Lair:4   | Killed a death yak
 28367 | D:10     | Upgraded the game from 0.16-a0-3761-g2321f2b to 0.16-a0-3803-gd4b2de5
 28585 | D:10     | Reached skill level 14 in Conjurations
 28721 | D:11     | Noticed Nessos
 28721 | D:11     | Noticed Erolcha
 28812 | D:11     | Noticed Sonja
 28819 | D:11     | Killed Sonja
 29046 | D:11     | Killed Nessos
 29275 | D:11     | Gained mutation: You are frail (-10% HP). [mutagenic meat]
 29276 | D:11     | Gained mutation: You passively map a small area around you. [mutagenic meat]
 30164 | D:13     | Killed Erolcha
 30164 | D:13     | Offered knowledge of Bolt of Draining by Vehumet.
 30164 | D:13     | Reached XP level 15. HP: 92/92 MP: 25/31
 30538 | D:13     | Noticed profreshinal's ghost (powerful DsAr)
 30541 | D:13     | Killed profreshinal's ghost
 31046 | D:12     | Learned a level 6 spell: Bolt of Fire
 31305 | Lair:3   | Reached skill level 10 in Fighting
 31398 | Swamp:1  | Entered Level 1 of the Swamp
 31562 | Swamp:1  | Noticed Rupert
 31578 | Swamp:1  | Killed Rupert
 31804 | Swamp:1  | You fall through a shaft!
 32324 | Swamp:2  | Noticed Kirke
 32328 | Swamp:2  | Killed Kirke
 32455 | Swamp:2  | Offered knowledge of Bolt of Cold by Vehumet.
 32721 | Swamp:2  | Noticed Snorg
 32724 | Swamp:2  | Killed Snorg
 33015 | Swamp:2  | Reached skill level 15 in Fire Magic
 33313 | Swamp:2  | Reached skill level 15 in Conjurations
 34726 | Swamp:3  | Reached XP level 16. HP: 99/99 MP: 28/33
 35383 | Swamp:3  | Offered knowledge of Iron Shot by Vehumet.
 36814 | Swamp:5  | Entered Level 5 of the Swamp
 36815 | Swamp:5  | Noticed Wiglaf
 37136 | Swamp:5  | Reached skill level 10 in Spellcasting
 37723 | Swamp:5  | Noticed a thorn hunter
 37734 | Swamp:5  | Reached skill level 16 in Conjurations
 37739 | Swamp:5  | Killed a thorn hunter
 37740 | Swamp:5  | Noticed the 27-headed Lernaean hydra
 37745 | Swamp:5  | Got a brightly glowing dagger
 37876 | Swamp:5  | Identified the +7 dagger "Hosut" {pierce, Contam rElec MP+9 Str+3 SInv} (You found it on level 5 of the Swamp)
 38135 | Swamp:5  | Killed Wiglaf
 38361 | Swamp:5  | Offered knowledge of Freezing Cloud by Vehumet.
 39322 | Swamp:5  | Mangled by the 27-headed Lernaean hydra

Inventory:

Hand weapons
 F - the +7 dagger "Hosut" (weapon) {pierce, Contam rElec MP+9 Str+3 SInv}
   (You found it on level 5 of the Swamp)

   It inflicts extra damage upon your enemies.
   It affects your strength (+3).
   It insulates you from electricity.
   It affects your magic capacity (+9).
   It enhances your eyesight.
   It causes magical contamination when unequipped.
Armour
 I - a +2 hat (worn)
 U - a +0 buckler (worn)
Magical staves
 N - an uncursed staff of power
Jewellery
 d - a +1 ring of protection (on tentacle)
 e - a +2 ring of dexterity (left tentacle)
 r - an amulet of the gourmand (around mantle)
 v - a ring of wizardry (right tentacle)
 y - a ring of protection from fire (on tentacle)
 z - an uncursed ring of teleportation
 P - an uncursed amulet of clarity
 T - a ring of poison resistance (on tentacle)
 X - an uncursed amulet of resist mutation
Magical devices
 a - a wand of digging (14)
 l - a wand of disintegration (6)
 C - a wand of invisibility (2)
Scrolls
 f - 3 scrolls of immolation
 j - 7 scrolls of teleportation
 k - 8 scrolls of amnesia
 m - 6 scrolls of fog
 s - 8 scrolls of magic mapping
 w - 10 scrolls of remove curse
 E - 2 scrolls of blinking
 H - 3 scrolls of enchant armour
 K - 2 scrolls of recharging
 R - 2 scrolls of fear
Potions
 g - 4 potions of brilliance
 h - 14 potions of curing
 i - 3 potions of restore abilities
 o - a potion of cancellation {unknown}
 p - 7 potions of haste
 q - 2 potions of agility
 t - a potion of magic
 B - 3 potions of cure mutation {unknown}
 J - a potion of invisibility {unknown}
 L - a potion of lignification {unknown}
 M - 4 potions of heal wounds
 O - 3 potions of flight {unknown}
 S - a potion of berserk rage {unknown}
 V - 3 potions of resistance
Books
 b - a book of Summonings

   Spells                             Type                      Level
   a - Abjuration                     Summoning                    3
   b - Recall                         Summoning/Translocation      3
   c - Shadow Creatures               Summoning                    5
   d - Summon Demon                   Summoning                    5
   e - Summon Forest                  Summoning/Translocation      5
   f - Monstrous Menagerie            Summoning                    6
 u - a book of the Sky

   Spells                             Type                      Level
   a - Flight                         Charms/Air                   3
   b - Airstrike                      Air                          4
   c - Silence                        Hexes/Air                    5
   d - Deflect Missiles               Charms/Air                   6
   e - Conjure Ball Lightning         Conjuration/Air              6
   f - Tornado                        Air                          9
 Q - a book of Fire

   Spells                             Type                      Level
   a - Ignite Poison                  Fire/Transmutation           5
   b - Fireball                       Conjuration/Fire             5
   c - Bolt of Fire                   Conjuration/Fire             6
   d - Delayed Fireball               Conjuration/Fire             7
   e - Ring of Flames                 Charms/Fire                  7
Comestibles
 c - 10 bread rations
 n - 15 slices of pizza
 A - 9 meat rations
 D - 28 beef jerkies

Table legend:
 A = Turns spent in this place as a percentage of turns spent in the entire game.
 B = Non-inter-level travel turns spent in this place as a percentage of non-inter-level travel turns spent in the entire game.
 C = Inter-level travel turns spent in this place as a percentage of turns spent in this place.
 D = Turns resting spent in this place as a percentage of non-inter-level travel turns spent in this place.
 E = Turns spent auto-exploring this place as a percentage of non-inter-level travel turns spent in this place.
 F = Non-inter-level travel turns spent in this place divided by the number of levels of this place that you've seen.
                   A       B       C       D       E      F
               +-------+-------+-------+-------+-------+----------------------
         Total | 100.0 | 100.0 |   0.8 |  12.4 |   9.3 | 254.5
       Dungeon |  41.3 |  41.1 |   1.2 |  11.0 |  10.8 | 241.6
        Temple |   0.3 |   0.3 |   0.0 |   0.0 |  43.5 |  23.0
          Lair |  33.2 |  33.2 |   0.6 |  12.2 |  10.0 | 317.0
         Swamp |  17.2 |  17.2 |   0.6 |  17.7 |   8.2 | 263.0
       Ossuary |   2.9 |   2.9 |   0.0 |   5.8 |   0.4 | 223.0
      Ice Cave |   1.4 |   1.4 |   0.0 |   9.4 |   0.0 | 106.0
       Volcano |   3.8 |   3.8 |   0.0 |  11.4 |   0.0 | 290.0
               +-------+-------+-------+-------+-------+----------------------


   Skills:
 + Level 11.3 Fighting
 - Level 6.5 Dodging
 - Level 2.6 Stealth
 - Level 7.2 Shields
 + Level 10.4 Spellcasting
 * Level 16.3 Conjurations
 * Level 16.2 Fire Magic


You had 4 spell levels left.
You knew the following spells:

 Your Spells              Type           Power        Failure   Level  Hunger
a - Flame Tongue          Conj/Fire      #####        0%          1    None
b - Conjure Flame         Conj/Fire      ######..     1%          3    None
c - Sticky Flame          Conj/Fire      ######..     1%          4    #......
d - Fireball              Conj/Fire      ######....   1%          5    ####...
e - Mephitic Cloud        Conj/Pois/Air  #####...     1%          3    None
f - Orb of Destruction    Conj           ######....   1%          7    #######
g - Delayed Fireball      Conj/Fire      N/A          1%          7    #######
h - Bolt of Fire          Conj/Fire      ######....   1%          6    ######.


Dungeon Overview and Level Annotations

Branches:
Dungeon (13/15)            Temple (1/1) D:5            Lair (8/8) D:9
  Swamp (5/5) Lair:5       Spider (0/5) Lair:5        Slime (0/6) Lair:8
    Orc: D:9-12      Vaults: D:13-14

Altars:
Ashenzari
Dithmenos
Elyvilon
Fedhas
Gozag
Kikubaaqudgha
Nemelex Xobeh
Okawaru
Qazlal
Sif Muna
Trog
Vehumet
Yredelemnul
Zin

Shops:
D:8 (

Annotations:
Swamp:5 Lernaean hydra


Innate Abilities, Weirdness & Mutations

You cannot wear most types of armour.
You are amphibious.
You can wear up to eight rings at the same time.
You can use your tentacles to constrict many enemies at once.
Your skin changes colour to match your surroundings (Stealth).
Your rubbery body absorbs attacks (AC +1).
You are frail (-10% HP).
You passively map a small area around you.


Message History

Aiming: Bolt of Fire
Press: ? - help, Shift-Dir - straight line, f/p - giant leech
Aim: a giant leech (almost dead)
The bolt of fire misses the giant leech.
A giant leech is nearby!
Casting: Bolt of Fire
Confirm with . or Enter, or press ? or * to list all spells.
Aiming: Fireball
Press: ? - help, Shift-Dir - straight line, f/p - giant leech
Aim: a giant leech (almost dead)
The fireball explodes!
The fireball engulfs the giant leech.
You kill the giant leech!
Vehumet accepts your kill.
You feel your power returning.
You see here a giant leech corpse.
You butcher the giant leech corpse.
x - 2 chunks of flesh You start resting.
Eating one of 2 chunks of flesh.
This raw flesh tastes great.
You continue eating. x2
Eating a chunk of flesh.
This raw flesh tastes great.
You continue eating. x2
You hear a distant "Zot"!
Unknown command.
The 27-headed Lernaean hydra roars!
Read which item? (? for menu, Esc to quit)
As you read the scroll of teleportation, it crumbles to dust.
You feel strangely unstable.
The 27-headed Lernaean hydra bites you but does no damage.
The 27-headed Lernaean hydra bites you!
You block the 27-headed Lernaean hydra's attack.
The 27-headed Lernaean hydra bites you! The 27-headed Lernaean hydra bites you.
You block the 27-headed Lernaean hydra's attack.
The 27-headed Lernaean hydra bites you! x2
The 27-headed Lernaean hydra bites you.
You block the 27-headed Lernaean hydra's attack.
The 27-headed Lernaean hydra bites you! x2
The 27-headed Lernaean hydra bites you. The 27-headed Lernaean hydra bites you!
The 27-headed Lernaean hydra bites you. The 27-headed Lernaean hydra bites you!
You die...

..≈#/≈≈≈≈≈≈♣ ......♣≈≈≈♣♣♣
.....≈≈♣≈≈.≈♣ #### ##
.....≈≈≈.≈#####≈≈####≈####
*
♣...)≈♣.####.≈≈≈#≈#≈≈≈≈≈≈≈*
≈./.≈≈....#≈≈.≈.≈≈#≈..≈≈.≈≈
*
.≈.≈≈....≈....≈≈...≈......≈
≈≈
.≈..≈≈≈..##.#≈#≈≈.≈.≈##P≈.#
.≈≈≈♣≈.######≈≈#@.≈≈?≈≈≈≈
≈..≈≈≈≈.≈## ###D≈.≈≈.≈≈#§.
* .≈.≈≈≈≈≈.≈# #≈≈≈.#.≈≈.≈≈
≈ ≈
.≈≈.≈.≈♣♣≈#*≈≈≈≈..≈§≈.≈.# *
.P.≈..#≈≈♣##≈≈≈##.#≈≈§#≈
..#≈..≈≈≈♣ ##≈≈ ≈.≈.≈#≈
.≈..≈#≈♣♣♣ ≈§# ≈.≈≈#.
../.≈≈♣♣ *≈≈≈ , .... , ,,
≈≈§≈.≈≈♣♣♣##≈# .≈≈


You could see the 27-headed Lernaean hydra.

Table legend:
 A = Kills in this place as a percentage of kills in entire the game.
 B = Kills by you in this place as a percentage of kills by you in the entire game.
 C = Kills by friends in this place as a percentage of kills by friends in the entire game.
 D = Other kills in this place as a percentage of other kills in the entire game.
 E = Experience gained in this place as a percentage of experience gained in the entire game.
 F = Experience gained in this place divided by the number of levels of this place that you have seen.
                   A       B       C       D       E      F
               +-------+-------+-------+-------+-------+----------------------
         Total | 100.0 | 100.0 |  -nan | 100.0 | 100.0 | 5849.3
       Dungeon |  34.8 |  34.7 |  -nan | 100.0 |  14.9 | 2010.1
          Lair |  39.5 |  39.5 |  -nan |   0.0 |  34.7 | 7612.0
         Swamp |  22.5 |  22.6 |  -nan |   0.0 |  47.0 | 16486.2
       Ossuary |   1.3 |   1.3 |  -nan |   0.0 |   0.4 | 659.0
      Ice Cave |   1.0 |   1.0 |  -nan |   0.0 |   1.6 | 2830.0
       Volcano |   1.0 |   1.0 |  -nan |   0.0 |   1.4 | 2532.0
               +-------+-------+-------+-------+-------+----------------------

Vanquished Creatures
  Rupert (Swamp:1)
  Kirke (Swamp:2)
  A thorn hunter (Swamp:5)
  Wiglaf (Swamp:5)
  Snorg (Swamp:2)
  The ghost of profreshinal the Slicer, a powerful DsAr of Ru (D:13)
  A fire dragon (Lair:8)
  A yaktaur captain (D:13)
  13 hydras
  2 ghost crabs
  Nessos (D:11)
  An ogre mage (D:13)
  Erica (Lair:4)
  7 alligators
  7 death yaks
  4 spriggan druids
  15 swamp dragons
  3 hill giants
  2 shambling mangroves
  An unseen horror (D:13)
  3 ice statues (IceCv)
  Erolcha (D:13)
  An ugly thing (D:11)
  5 hornets
  2 black mambas
  A cyclops (D:10)
  8 elephants
  3 toenail golems (Volcano)
  Joseph (D:8)
  A torpor snail (Lair:8)
  A centaur skeleton (D:11)
  20 spiny frogs
  A kobold demonologist (D:11)
  A yaktaur (D:13)
  3 gargoyles
  17 komodo dragons
  4 fire drakes
  8 polar bears (Lair:8)
  A two-headed ogre (D:13)
  Sonja (D:11)
  2 baby alligators (Swamp:2)
  Prince Ribbit (D:9)
  3 trolls (D:10)
  3 giant leeches
  8 blink frogs
  9 bog bodies
  2 raiju (Lair:8)
  13 ravens
  A boulder beetle (Lair:7)
  31 slime creatures
  2 shadows
  5 basilisks (Lair:8)
  8 spriggans
  49 yaks
  A redback (Lair:5)
  8 humans
  2 wyverns
  3 wraiths
  7 wargs (Lair:8)
  8 hippogriffs
  21 vampire mosquitoes
  A steam dragon (Lair:8)
  2 hogs (D:7)
  3 hungry ghosts
  16 insubstantial wisps
  A fire elemental (D:12)
  2 mottled dragons (Lair:8)
  A soldier ant (D:11)
  38 swamp worms
  17 water moccasins
  3 sky beasts
  3 hell hounds (Lair:8)
  11 swamp drakes
  8 wasps
  5 orc warriors
  14 black bears
  14 wolves
  2 necrophages
  9 porcupines
  An eye of draining (D:11)
  3 phantoms
  21 ice beasts
  3 ogres (D:13)
  20 crocodiles
  7 centaurs
  2 boring beetles
  A big kobold (D:9)
  A brain worm (Lair:7)
  20 giant frogs
  A spectral crocodile (Swamp:5)
  3 scorpions
  4 wights (Ossuary)
  3 electric eels
  A centaur zombie (D:11)
  3 orc priests
  3 giant frog zombies
  5 crimson imps
  2 jellies
  A goliath beetle (D:8)
  18 iguanas
  4 lava snakes (D:12)
  19 orc wizards
  28 hounds
  2 giant frog skeletons
  10 sheep
  12 worker ants
  A killer bee zombie (D:9)
  2 worker ant zombies (D:9)
  4 gnolls (D:6)
  34 adders
  32 river rats
  7 worms
  2 shadow imps
  3 adder zombies (Ossuary)
  4 giant geckos
  An ooze (D:3)
  43 orcs
  27 bats
  A bat skeleton (D:6)
  A bat zombie (D:5)
  12 goblins
  12 hobgoblins
  9 jackals
  14 quokkas
  2 ball pythons
  8 giant cockroaches
  2 giant gecko skeletons
  4 giant newts
  A giant spore (D:9)
  A hobgoblin zombie (Ossuary)
  20 kobolds
  A kobold zombie (Ossuary)
  An orc skeleton (Ossuary)
  14 rats
  3 ballistomycetes (D:9)
  2 bushes (Lair:8)
  16 fungi
  7 plants
974 creatures vanquished.

Vanquished Creatures (others)
  A fire vortex (D:12)
  2 humans (Swamp:2)
  An orc (D:5)
  6 fungi
  17 plants
27 creatures vanquished.

Grand Total: 1001 creatures vanquished

Action                   |  1- 3 |  4- 6 |  7- 9 | 10-12 | 13-15 | 16-18 || total
-------------------------+-------+-------+-------+-------+-------+-------++-------
Melee: Unarmed           |    25 |       |       |       |       |       ||    25
       Short sword       |    24 |    21 |       |       |       |       ||    45
       Whip              |       |    17 |   111 |    18 |       |       ||   146
       Quarterstaff      |       |       |       |    21 |       |       ||    21
       Hunting sling     |       |       |       |     1 |       |       ||     1
       Staff             |       |       |       |    32 |    69 |     4 ||   105
 Cast: Flame Tongue      |    34 |    67 |   140 |   165 |    70 |       ||   476
       Conjure Flame     |       |     3 |    20 |    21 |     8 |       ||    52
       Sticky Flame      |       |       |     7 |    38 |    45 |     2 ||    92
       Fireball          |       |       |    12 |   155 |   405 |   103 ||   675
       Bolt of Fire      |       |       |       |     7 |    27 |    50 ||    84
       Mephitic Cloud    |       |       |       |     1 |    16 |       ||    17
       Orb of Destructio |       |       |       |       |   139 |    48 ||   187
       Delayed Fireball  |       |       |       |       |     9 |     2 ||    11
 Abil: Release Delayed F |       |       |       |       |     8 |     2 ||    10
Evoke: Wand              |     7 |     6 |       |     2 |       |       ||    15
  Use: Scroll            |       |    13 |    10 |     8 |     9 |     6 ||    46
       Potion            |       |       |     6 |     1 |     1 |     1 ||     9
 Stab: Sleeping          |     2 |     1 |     2 |     2 |       |       ||     7
       Confused          |       |       |       |       |     4 |       ||     4
       Distracted        |       |       |       |       |     1 |       ||     1
  Eat: Chunk             |     3 |     7 |    29 |    90 |   216 |    70 ||   415
       Beef jerky        |       |       |     1 |       |       |       ||     1
       Meat ration       |       |       |     1 |       |       |     1 ||     2
       Royal jelly       |       |       |       |       |     1 |       ||     1
       Fruit             |       |       |       |       |     6 |     7 ||    13
       Bread ration      |       |       |       |       |     1 |       ||     1

Vault maps used:
D:1:      arrival_aquarium_b, hex_intersection
D:3:      first_bread, grunt_ministairs_12
D:5:      temple_hall
D:6:      trog_ov_bears_minmay, nemelex_xobeh_ov_fountains_minmay
D:7:      enter_ossuary_2, grunt_livestock
D:8:      serial_shops, kennysheep_little_box, uniq_joseph
D:9:      david_lair_shrubbed, uniq_prince_ribbit1
D:10:     grunt_decor_fettered, serial_park_tiny_1
D:11:     uniq_nessos, uniq_sonja, uniq_erolcha
D:12:     erik_rubicon_a, minmay_orc_entry_temple_small, serial_shops, shop,
          nicolae_shop_trees, nicolae_shop_overgrown_old_shop, shop
D:13:     david_vaults_2
Temple:   grunt_circular_temple_18
Lair:2:   beast_lair_carwin_large_1
Lair:3:   portal_ice_cave_entry_ice_beasts
Lair:4:   uniq_erica
Lair:5:   swamp_mist, spider_nest_entry_rubble, beast_lair_carwin_9
Lair:6:   nicolae_volcano_entry_lava_flow, serial_bayou_shore_a
Lair:7:   nicolae_quartered_pool_medium, worms_lemuel
Lair:8:   hangedman_lair_caniforms_friends, guppyfry_lair_end_dragon,
          dpeg_slime_entry_corner, basic_altar, roderic_batcave, minivault_19
Swamp:1:  evilmike_swamp_ruin_rubble_1, uniq_rupert
Swamp:2:  evilmike_swamp_ruin_house_1, swamp_pool1, uniq_snorg, uniq_kirke
Swamp:3:  hangedman_swamp_diagram
Swamp:4:  nicolae_swamp_fairy_circle
Swamp:5:  swamp_old_school, swamp_pool4, uniq_wiglaf
Ossuary:  ossuary_due_cavern
IceCv:    ice_cave_statue_garden_02
Volcano:  volcano_bunker
